 Dungeon Crawl Stone Soup version 0.30-a0-304-gdc4b735fe1 (webtiles) character file.

Game seed: 14832140215540622311

333 lonewolfV2 the Chopper (level 6, -5/55 HPs)
             Began as a Hill Orc Fighter on Oct 20, 2022.
             Was an Initiate of Beogh.
             Slain by an ogre
             ... wielding a +0 giant club
              (19 damage)
             ... on level 4 of the Dungeon.
             The game lasted 00:04:34 (2643 turns).

lonewolfV2 the Chopper (Hill Orc Fighter)           Turns: 2643, Time: 00:04:34

Health: -5/55      AC:  7    Str: 21    XL:     6   Next: 53%
Magic:  2/2        EV:  9    Int:  8    God:    Beogh [......]
Gold:   130        SH:  5    Dex: 10    Spells: 5/5 levels left

rFire   + . .      SeeInvis .    m - +2 hand axe (antimagic)
rCold   . . .      Faith    .    c - +1 buckler
rNeg    . . .      Spirit   .    b - +0 scale mail
rPois   .          Reflect  .    (no helmet)
rElec   .          Harm     .    (no cloak)
rCorr   .          Rampage  .    (no gloves)
Will    .....                    (no boots)
Stlth   ..........               l - amulet of regeneration
HPRegen 1.09/turn                p - ring of protection from fire
MPRegen 0.08/turn                (no ring)

@: no status effects
A: no striking features
a: Renounce Religion


You were on level 4 of the Dungeon.
You worshipped Beogh.
Beogh was noncommittal.
You visited 1 branch of the dungeon, and saw 4 of its levels.

You collected 130 gold pieces.

Inventory:

Hand Weapons
 a - a +1 war axe
 m - a +2 antimagic hand axe (weapon)
Armour
 b - a +0 scale mail (worn)
 c - a +1 buckler (worn)
Jewellery
 e - an amulet of faith
 k - an amulet of reflection
 l - an amulet of regeneration (around neck)
 p - a ring of protection from fire (left hand)
Wands
 f - a wand of roots (5)
 g - a wand of mindburst (11)
Scrolls
 h - a scroll of enchant weapon
Potions
 d - a potion of might
 i - a potion of attraction {unknown}
 j - a potion of invisibility {unknown}
 n - a potion of berserk rage {unknown}
 o - a potion of magic {unknown}
 q - a potion of curing
 s - a potion of brilliance {unknown}
 u - a potion of lignification {unknown}


   Skills:
 + Level 4.9 Fighting
 + Level 5.8 Axes
 + Level 4.5 Armour
 + Level 1.0 Dodging
 + Level 0.2 Stealth
 + Level 4.2 Shields


You had 5 spell levels left.
You didn't know any spells.
Your spell library contained the following spells:

 Spells                   Type           Power      Damage    Failure   Level
 Necrotise                Necr           0%         1d4       83%         1
 Vampiric Draining        Necr           0%         2d6       99%         3
 Agony                    Necr           0%         N/A       100%        5


Dungeon Overview and Level Annotations

Branches:
Dungeon (4/15)
 Temple: D:4-7

Altars:
Elyvilon

Portals:
Sewer: D:3


Message History

m - a +2 antimagic hand axe You feel magic leave you.
m - a +2 antimagic hand axe (weapon)
Found 7 stones.
An ogre comes into view. It is wielding a +0 giant club.
Found a stone staircase leading up.
You see here a potion of curing.
The ogre hits you with a +0 giant club!!
You closely miss the ogre. You block the ogre's attack.
You closely miss the ogre. You barely miss the ogre.
The ogre closely misses you.
You hit the ogre.
The ogre is lightly wounded.
A quokka comes into view.
The ogre barely misses you.
You hit the ogre.
The ogre is lightly wounded.
You slash the ogre!
The ogre is heavily wounded.
You block the ogre's attack.
You hit the ogre.
The ogre is severely wounded.
The ogre hits you with a +0 giant club.
You barely miss the ogre.
The ogre is severely wounded.
The ogre barely misses you.
You hit the ogre.
The ogre is severely wounded.
You hit the ogre but do no damage.
The ogre is severely wounded.
The ogre hits you with a +0 giant club!!
You barely miss the ogre.
The ogre is severely wounded.
The ogre hits you with a +0 giant club!!
* * * LOW HITPOINT WARNING * * *
You feel better.
You hit the ogre.
The ogre is almost dead.
The ogre hits you with a +0 giant club!!
You die...

.. .. . ## ..# .<####.
#.# ....... #.#
.......######.###
#..(rO@..#....##
.......###.......######
....##.# ###..........#
... #..# #....#### (# .
##..# #....# #..
#..##....# ...
##...#....###.#
##.....)...#...
#.......#.#..#


You could see an ogre and a quokka.

Vanquished Creatures
  A necrophage (D:4)
  Natasha (thrice) (D:3)
  A scorpion zombie (D:3)
  A hound skeleton (D:3)
  10 adders
  A river rat (D:3)
  An adder zombie (D:3)
  An orc (D:3)
  7 bats
  4 endoplasms
  3 giant cockroaches (D:3)
  5 goblins
  2 hobgoblins (D:1)
  4 jackals (D:2)
  5 quokkas
  7 ball pythons
  3 frilled lizards
  A giant cockroach simulacrum (D:3)
  5 kobolds
  A quokka simulacrum (D:3)
  A quokka skeleton (D:3)
  4 rats
71 creatures vanquished.

Vanquished Creatures (others)
  17 withered plants (D:3)
17 creatures vanquished.

Grand Total: 88 creatures vanquished

Notes
Turn   | Place    | Note
-------+----------+-------------------------------------------
     0 | D:1      | lonewolfV2 the Hill Orc Fighter began the quest for the
                  | Orb.
     0 | D:1      | Reached XP level 1. HP: 19/19 MP: 1/1
    10 | D:1      | You fall into a shaft and drop 1 floor!
   127 | D:2      | Reached XP level 2. HP: 27/27 MP: 2/2
   187 | D:2      | Reached skill level 3 in Axes
   236 | D:2      | Reached XP level 3. HP: 33/33 MP: 3/3
   273 | D:2      | Found a white marble altar of Elyvilon.
   605 | D:1      | Found a faded altar of an unknown god.
   738 | D:1      | Reached skill level 4 in Axes
   738 | D:1      | Reached XP level 4. HP: 40/40 MP: 4/4
  2018 | D:3      | Reached XP level 5. HP: 47/47 MP: 5/5
  2066 | D:3      | Became a worshipper of Beogh the Brigand
  2085 | D:3      | Noticed Natasha
  2087 | D:3      | Found the +4 dagger "Morg" {pain, Will+ Int+5}
  2094 | D:3      | Killed Natasha
  2114 | D:3      | Reached skill level 5 in Axes
  2167 | D:3      | Found a glowing drain.
  2211 | D:3      | Noticed Natasha
  2227 | D:3      | Killed Natasha
  2244 | D:3      | Reached XP level 6. HP: 55/55 MP: 6/6
  2304 | D:3      | Noticed Natasha
  2312 | D:3      | Killed Natasha
  2593 | D:4      | Reached skill level 1 in Dodging
  2641 | D:4      | HP: 1/55 [ogre/+0 giant club (22)]
  2643 | D:4      | Slain by an ogre

Illustrated notes

Levels and vault maps discovered:
D:1:      dpeg_arrival_three_bigger_balls, layout_basic,
          chequers_ecumenical_altar_simple
D:2:      layout_basic, basic_altar
D:3:      minmay_general_purpose_star, layout_rooms, serial_shops,
          nicolae_shop_behind_doors, portal_sewer_entry_b,
          dilly_guarded_unrand_morg
D:4:      layout_rooms

Skill      XL: |  1  2  3  4  5  6 |
---------------+-------------------+-----
Fighting       | 4 |  4.9
Axes           | 3 4 5 |  5.8
Armour         | 4 |  4.5
Shields        | 4 |  4.2
Dodging        | 1 |  1.0
Stealth        | |  0.2

Action                   |  1- 3 |  4- 6 || total
-------------------------+-------+-------++-------
Melee: War axe           |    76 |   125 ||   201
       Hand axe          |       |    12 ||    12
Invok: Convert to Beogh  |       |     1 ||     1
  Use: Scroll            |       |     8 ||     8
       Potion            |       |     1 ||     1
Armor: Scale mail        |    42 |    71 ||   113
Dodge: Dodged            |    59 |    60 ||   119
Block: Buckler           |    22 |    43 ||    65

Table legend: (Time is in decaauts)
 A = Elapsed time spent in this place.
 B = Non-inter-level travel time spent in this place.
 C = Inter-level travel time spent in this place.
 D = Time resting spent in this place.
 E = Time spent auto-exploring this place.
 F = Levels seen in this place.
 G = Mean time per level.
                   A        B        C        D        E       F      G
               +--------+--------+--------+--------+--------+-----+--------+
         Total |   2718 |   2689 |     29 |    231 |   1642 |   4 |  679.5 |
       Dungeon |   2718 |   2689 |     29 |    231 |   1642 |   4 |  679.5 |
               +--------+--------+--------+--------+--------+-----+--------+

Top non-repeatable levels by time:
     D:2: 1007 daAuts
     D:1: 922 daAuts
     D:3: 613 daAuts
     D:4: 175 daAuts
